 Dungeon Crawl Stone Soup version 0.31.0-11-ge490571c62 (webtiles) character file.

Game seed: 16952527102652756404

84 qw the Shooter (level 4, 0/22 HPs)
             Began as a Spriggan Hunter on Feb 3, 2024.
             Slain by an orc
             ... wielding a +0 hand axe
              (4 damage)
             ... on level 4 of the Dungeon.
             The game lasted 00:00:42 (2131 turns).

qw the Shooter (Spriggan Hunter)                    Turns: 2131, Time: 00:00:43

Health: 0/22       AC:  6    Str:  7    XL:     4   Next: 24%
Magic:  5/5        EV: 20    Int: 10    God:
Gold:   245        SH:  0    Dex: 20    Spells: 3/3 levels left

rFire   . . .        a - +1 shortbow
rCold   . . .        (shield currently unavailable)
rNeg    . . .        c - +0 robe
rPois   .            (helmet restricted)
rElec   .            (no cloak)
rCorr   .            (gloves unavailable)
SInv    +            (boots unavailable)
Will    .....        (no amulet)
Stlth   ++           i - +4 ring of protection
HPRegen 0.23/turn    (no ring)
MPRegen 0.09/turn

%: no passive effects
@: about to teleport, very quick
A: very small, no large weapons, unfitting armour, see invisible, speed 3
a: no special abilities


You were on level 4 of the Dungeon.
You visited 1 branch of the dungeon, and saw 4 of its levels.

You collected 245 gold pieces.


Innate Abilities, Weirdness & Mutations

You are very small and have problems with some larger weapons.
You are too small for most types of armour.
You have supernaturally acute eyesight. (SInv)
You cover ground extremely quickly. (Speed+++)


   Skills:
 - Level 1.5 Fighting
 - Level 5.0 Ranged Weapons
 + Level 4.6 Dodging
 - Level 1.5 Stealth


You had 3 spell levels left.
You didn't know any spells.
Your spell library was empty.

Inventory:

Hand Weapons
 a - a +1 shortbow (weapon)
Armour
 c - a +0 robe (worn)
Jewellery
 i - a +4 ring of protection (left hand)
Scrolls
 d - a scroll of noise {unknown}
 e - a scroll of teleportation
Potions
 b - a potion of heal wounds
 f - a potion of mutation
 g - 2 potions of might {unknown}
 h - a potion of curing {unknown}
 j - a potion of ambrosia {unknown}

Dungeon Overview and Level Annotations

Branches:
Dungeon (4/15)
 Temple: D:4-7

Altars:
Ashenzari
Gozag
Sif Muna


Message History

The arrow hits the orc but does no damage.
An orc comes into view. It is wielding a +0 hand axe.
You shoot an arrow. The arrow barely misses the orc priest.
The orc shouts!
The arrow hits the endoplasm but does no damage.
An orc comes into view. It is wielding a +0 club.
Enter note:
Enter note:
Enter note:
Enter note:
2125 ||| RETREEEEATING.
The orc moves out of view.
You shoot an arrow. The arrow barely misses the orc priest.
The arrow barely misses the orc.
You shoot an arrow. The arrow hits the orc priest.
The orc priest is lightly wounded.
The orc priest closely misses you. x2
You shoot an arrow. The orc shouts!
The arrow hits the orc priest.
The orc priest is moderately wounded.
The endoplasm misses you.
The orc priest calls down the wrath of Beogh upon you.
You struggle to resist.
The orc completely misses you.
You shoot an arrow. The arrow barely misses the orc priest.
The arrow hits the orc.
The orc is severely wounded.
The endoplasm freezes you.
You are frozen.
The orc hits you with a +0 short sword. The orc priest barely misses you.
You shoot an arrow. The arrow barely misses the orc.
The endoplasm freezes you.
You are frozen.
The orc priest hits you with a +0 club. The orc completely misses you.
The orc hits you with a +0 hand axe.
2131 ||| READING 2 scrolls of teleportation.
As you read the scroll of teleportation, it crumbles to dust.
You feel strangely unstable. The endoplasm freezes you.
You are frozen.
The orc hits you with a +0 hand axe.
You die...

#####..............##.
#........##...####
###########...# #...#
###############...##
........#..........#
#######............#
##..#..........#
#######@o............#
......ooJ._..........#
..........o...########
..........#...#
#######..)o...#
#.......# #.........
#......... #.......o


You could see an orc priest, 4 orcs and an endoplasm.

Vanquished Creatures
  An adder (D:2)
  A dart slug (D:3)
  A ribbon worm (D:3)
  8 ball pythons
  11 bats
  8 endoplasms
  A giant cockroach (D:3)
  5 goblins
  6 hobgoblins
  7 jackals (D:1)
  4 kobolds (D:2)
  3 quokkas (D:1)
  A frilled lizard (D:2)
  6 rats
63 creatures vanquished.

Notes
Turn   | Place    | Note
-------+----------+-------------------------------------------
     0 | D:1      | qw the Spriggan Hunter began the quest for the Orb.
     0 | D:1      | Reached XP level 1. HP: 10/10 MP: 2/2
     0 | D:1      | 0 ||| qw: Version: 0.3-a-155-g5e7d8dd
     0 | D:1      | 0 ||| qw: Game counter: 3168
     0 | D:1      | 0 ||| qw: Melee chars always use a shield: true
     0 | D:1      | 0 ||| qw: God list: Okawaru
     0 | D:1      | 0 ||| qw: Allow faded altars: false
     0 | D:1      | 0 ||| qw: Do Orc after clearing Dungeon:15 true
     0 | D:1      | 0 ||| qw: Do second Lair branch before Depths: true
     0 | D:1      | 0 ||| qw: Lair rune preference: random
     0 | D:1      | 0 ||| qw: Goals: Normal
     0 | D:1      | 0 ||| PLANNING D:1-11
    63 | D:1      | 63 ||| RETREEEEATING.
    70 | D:1      | Reached skill level 3 in Dodging
    78 | D:1      | Reached XP level 2. HP: 12/14 MP: 3/3
   211 | D:1      | Found a faded altar of an unknown god.
   427 | D:1      | Reached XP level 3. HP: 18/18 MP: 4/4
   525 | D:1      | 525 ||| UPGRADING to +4 ring of protection.
   526 | D:1      | 526 ||| READING 2 scrolls labelled IMOPLU WISA.
   527 | D:1      | 527 ||| READING 2 scrolls labelled WYNIDO AFUURAU.
   528 | D:1      | 528 ||| READING scroll labelled GEANUAKASU.
   532 | D:1      | 532 ||| READING scroll labelled BOPIHIY NICYU.
   532 | D:1      | 532 ||| ENCHANTING +0 shortbow.
   533 | D:1      | 533 ||| DROPPING scroll of butterflies.
   534 | D:1      | 534 ||| DROPPING scroll of immolation.
   535 | D:1      | 535 ||| DROPPING scroll of fear.
   808 | D:2      | Found a shimmering blue altar of Sif Muna.
   818 | D:2      | Reached skill level 5 in Ranged Weapons
  1229 | D:2      | 1229 ||| READING scroll labelled CEIXISMIVA.
  1229 | D:2      | 1229 ||| IDENTIFYING smoky grey potion
  1230 | D:2      | 1230 ||| DRINKING 2 metallic purple potions.
  1231 | D:2      | 1231 ||| DRINKING 2 grey potions.
  1232 | D:2      | 1232 ||| DROPPING potion of attraction.
  1407 | D:3      | Reached XP level 4. HP: 22/22 MP: 5/5
  1892 | D:3      | Found a shimmering blue altar of Sif Muna.
  1895 | D:3      | Found an opulent altar of Gozag.
  2000 | D:3      | 2000 ||| DROPPING scarf of harm.
  2026 | D:4      | 2026 ||| PLANNING OSSUARY
  2102 | D:4      | Found a broken altar of Ashenzari.
  2125 | D:4      | 2125 ||| RETREEEEATING.
  2130 | D:4      | HP: 5/22 [orc/+0 hand axe (6)]
  2131 | D:4      | 2131 ||| READING 2 scrolls of teleportation.
  2131 | D:4      | Slain by an orc

Levels and vault maps discovered:
D:1:      matt_arrival_refuge, layout_rooms, ebering_ecumenical_altar_hall
D:2:      layout_basic, basic_altar
D:3:      layout_loops_corners, chequers_temple_overflow_statue_of_worship
D:4:      layout_basic, mainiacjoe_overflow_tiny_flanked, enter_ossuary_5

Skill      XL: |  1  2  3 |
---------------+----------+-----
Dodging        | 3 4 |  4.6
Ranged Weapons | 5 |  5.0
Fighting       | |  1.5
Stealth        | |  1.5

Action                     |  1- 3 |  4- 6 || total
---------------------------+-------+-------++-------
   Fire: Shortbow          |   126 |    36 ||   162
    Use: Scroll            |     5 |     1 ||     6
         Potion            |     2 |       ||     2
 Armour: Robe              |    16 |     5 ||    21
  Dodge: Dodged            |    42 |     7 ||    49

Table legend:
 A = Non-vault XP
 B = Vault XP
 C = Vault XP percentage of total XP
 D = Non-vault monster count
 E = Vault monster count
 F = Vault count percentage of total count
                 A         B        C        D         E       F
            +---------+---------+-------+---------+---------+-------
      Total |     121 |       0 |   0.0 |      63 |       0 |   0.0
            +---------+---------+-------+---------+---------+-------
        D:1 |      50 |       0 |   0.0 |      27 |       0 |   0.0
        D:2 |      41 |       0 |   0.0 |      18 |       0 |   0.0
        D:3 |      27 |       0 |   0.0 |      16 |       0 |   0.0
        D:4 |       3 |       0 |   0.0 |       2 |       0 |   0.0
            +---------+---------+-------+---------+---------+-------
